Workbook

Sheet Информация для раскрытия
A1: Согласно Постановлению Правительства Российской Федерации №24 от 21 января 2004г. "ОБ УТВЕРЖДЕНИИ СТАНДАРТОВ РАСКРЫТИЯ ИНФОРМАЦИИ СУБЪЕКТАМИ ОПТОВОГО И РОЗНИЧНЫХ РЫНКОВ ЭЛЕКТРИЧЕСКОЙ ЭНЕРГИИ"
A3: АО "ОМСКШИНА" раскрывает информацию за | B3: ноябрь | C3: 2022 г.
A5: II. Стандарт раскрытия информации сетевой организацией
A6: п. 19, а именно:
A9: 1) абзацы 5, 6 подпункта "г" сведения о техническом состоянии сетей, о колличестве аварийных отключений по границам территориальных зон деятельности организации, об объеме недопоставленной в результате аварийных отключений электрической энергии;
A11: 2) абзац 9 подпункта "г" о вводе в ремонт и выводе из ремонта электросетевых объектов с указанием сроков (сводная информация);
A13: 3) абзацы 7, 8 подпункта "г" о наличии объема свободной для технологического присоединения потребителей трансформаторной мощности;
A14: 4) подпункт "и" о порядке выполнения технологических, технических и других мероприятий, связанных с технологическим присоединением к электрическим сетям;
A16: 5) подпункт "д" о наличии (отсутствии) технической возможности доступа к регулируемым товарам, работам, услугам субъектов естественных монополий и о регистрации и ходе реализации заявок на технологическое присоединение к электрическим сетям, включая информацию, содержащую сводные данные по субъектам РФ о поданных заявках на технологическое присоединение к электрическим сетям и заключенных договорах об осуществлении технологического присоединения к электрическим сетям с указанием количества: поданных заявок и объема мощности, необходимого для их удовлетворения, заключенных договоров об осуществлении технологического присоединения к электрическим сетям, аннулированных заявок на технологическое присоединение, выполненных присоединений и присоединенной мощности;
A17: 6) подпункт "т"об объеме и стоимости электрической энергии (мощности) за расчетный период, приобретенной по каждому договору купли-продажи (поставки) электрической энергии (мощности) в целях компенсации потерь электрической энергии, заключенному с производителем электрической энергии (мощности) на розничном рынке электрической энергии, осуществляющим производство электрической энергии (мощности) на квалифицированных генерирующих объектах, функционирующих на основе использования возобновляемых источников энергии, объемы которой подтверждены сертификатом, выданным советом рынка, с указанием наименования такого производителя;
A19: 7) подпункт "р" о лицах, намеревающихся перераспределить максимальную мощность принадлежащих им энергопринимающих устройств в пользу иных лиц
A21: 8)подпункт "у" о выделенных оператором подвижной радиотелефонной связи абонентских номерах и (или) об адресах электронной почты, предназначенных для направления потребителю электрической энергии (мощности), потребителю услуг по передаче электрической энергии уведомления о введении полного и (или) частичного ограничения режима потребления электрической энергии.

Sheet 1)
J1: На главную
A2: Сведения о количестве аварийных ограничений (отключений) за | E2: =+'Информация для раскрытия'!B3 -> ноябрь | F2: =+'[1]Информация для раскрытия'!C3 -> 2022 г.
A3: по границам зон деятельности АО "Омскшина"
A5: Наименование | B5: Период
B6: =+E2 -> ноябрь | C6: II квартал | D6: III квартал | E6: IV квартал | F6: год
A7: Всего | B7: =+B8 -> 0 | C7: 0 | D7: =+D8 -> 0 | E7: =+E8 -> 0 | F7: =SUM(B7:E7) -> 0
A8: Из них: | B8: =+B9+B10 -> 0 | C8: 0 | D8: =+D9+D10 -> 0 | E8: =+E9+E10 -> 0 | F8: =SUM(B8:E8) -> 0
A9: по сетям 6/10 кВ | F9: =SUM(B9:E9) -> 0
A10: по сетям 0,4 кВ | F10: =SUM(B10:E10) -> 0
A11: По причине: | B11: =SUM(B12:B15) -> 0 | C11: =SUM(C12:C15) -> 0 | D11: =SUM(D12:D15) -> 0 | E11: =SUM(E12:E15) -> 0 | F11: =SUM(B11:E11) -> 0
A12: кабельное повреждение | F12: =SUM(B12:E12) -> 0
A13: станционное повреждение | F13: =SUM(B13:E13) -> 0
A14: срабатывание режимной автоматики и защиты | F14: =SUM(B14:E14) -> 0
A15: прочие | F15: =SUM(B15:E15) -> 0
A16: Объем недопоставленной электрической энергии, кВт: | B16: 0 | C16: 0 | D16: 0 | E16: 0 | F16: =SUM(B16:E16) -> 0
A17: Территориально:
A20: Мероприятия по устранению:
A26: Сведения о техническом состоянии электрических сетей АО «Омскшина» за | G26: =+'Информация для раскрытия'!B3 -> ноябрь | H26: =+'[1]Информация для раскрытия'!C3 -> 2022 г.
A28: Технологические нарушения в работе электрических сетей 6-110кВ
A29: ПАО "Омскшина" | B29: Количество технологических нарушений | G29: Недоотпуск э/э, тыс.кВт.ч
B30: =+B6 -> ноябрь | C30: =+C6 -> II квартал | D30: =+D6 -> III квартал | E30: =+E6 -> IV квартал | F30: год | G30: =+B30 -> ноябрь | H30: =+C30 -> II квартал | I30: =+D30 -> III квартал | J30: =+E30 -> IV квартал | K30: =+F30 -> год
A31: Шинная-1 (ГПП-6) | B31: 0 | C31: 0 | D31: 0 | E31: 0 | F31: =SUM(B31:E31) -> 0 | G31: 0 | H31: 0 | I31: 0 | J31: 0 | K31: =SUM(G31:J31) -> 0
A32: Шинная-2 (ГПП-21) | B32: 0 | C32: 0 | D32: 0 | E32: 0 | F32: =SUM(B32:E32) -> 0 | G32: 0 | H32: 0 | I32: 0 | J32: 0 | K32: =SUM(G32:J32) -> 0
A33: «Черемуховская» (ГПП-15) | B33: 0 | C33: 0 | D33: 0 | E33: 0 | F33: =SUM(B33:E33) -> 0 | G33: 0 | H33: 0 | I33: 0 | J33: 0 | K33: =SUM(G33:J33) -> 0
A34: Итого ПАО "Омскшина" | B34: =SUM(B31:B33) -> 0 | C34: =SUM(C31:C33) -> 0 | D34: =SUM(D31:D33) -> 0 | E34: =SUM(E31:E33) -> 0 | F34: =SUM(B34:E34) -> 0 | G34: =SUM(G31:G33) -> 0 | H34: =SUM(H31:H33) -> 0 | I34: =SUM(I31:I33) -> 0 | J34: =SUM(J31:J33) -> 0 | K34: =SUM(G34:J34) -> 0
A36: Продолжительность прекращений передачи электрической энергии в работе электрических сетей 0,4-110кВ
A37: ПАО "Омскшина" | B37: Продолжительность отключения в сетях до 0,4 кВ, час | G37: Общая продолжительность отключения в сетях 0,4-110 кВ, час
B38: =+B30 -> ноябрь | C38: =+C30 -> II квартал | D38: =+D30 -> III квартал | E38: =+E30 -> IV квартал | F38: =+F30 -> год | G38: =+G30 -> ноябрь | H38: =+H30 -> II квартал | I38: =+I30 -> III квартал | ... K38: =+K30 -> год
A39: Шинная-1 (ГПП-6) | B39: 0 | C39: 0 | D39: 0 | E39: 0 | F39: =SUM(B39:E39) -> 0 | G39: =+G31 -> 0 | H39: =+H31 -> 0 | I39: =+I31 -> 0 | J39: 0 | K39: =SUM(G39:J39) -> 0
A40: Шинная-2 (ГПП-21) | B40: 0 | C40: 0 | D40: 0 | E40: 0 | F40: =SUM(B40:E40) -> 0 | G40: 0 | H40: =+H32 -> 0 | I40: =+I32 -> 0 | J40: 0 | K40: =SUM(G40:J40) -> 0
A41: «Черемуховская» (ГПП-15) | B41: 0 | C41: 0 | D41: 0 | E41: 0 | F41: =SUM(B41:E41) -> 0 | G41: 0 | H41: =+H33 -> 0 | I41: =+I33 -> 0 | J41: 0 | K41: =SUM(G41:J41) -> 0
A42: Итого ПАО "Омскшина" | B42: =SUM(B39:B41) -> 0 | C42: =SUM(C39:C41) -> 0 | D42: =SUM(D39:D41) -> 0 | E42: =SUM(E39:E41) -> 0 | F42: =SUM(B42:E42) -> 0 | G42: =SUM(G39:G41) -> 0 | H42: =SUM(H39:H41) -> 0 | I42: =SUM(I39:I41) -> 0 | J42: =SUM(J39:J41) -> 0 | K42: =SUM(G42:J42) -> 0

Sheet 2)
D1: На главную
A2: О вводе в ремонт и выводе из ремонта объектов электросетевого хозяйства
A3: АО "Омскшина" за | C3: ='1)'!E2 -> ноябрь | D3: =+'[1]1)'!H26 -> 2022 г.
A4: (выполненные собственными структурными подразделениями)
A6: Наименование работ, месторасположение объектов | B6: Единица измерения | C6: Ввод объектов в ремонт | D6: Вывод объекта из ремонта | E6: Кол-во
A7: 1. Ремонт электрооборудования на ТП и РП:
A8: ТР сборных шин I и II секций в РУ-6 кВ РП-29 | B8: чел/ч | C8: 44870 | D8: 44870 | E8: 16.4
A10: 3. Ремонт и наладка масляных выключателей
A11: СР ВМ яч.50 "Вв-2 на ТП-56" в ЗРУ-10 кВ ГПП-21 | B11: чел/ч | C11: 44868 | D11: 44868 | E11: 24.6
A12: СР ВМ яч.10 "ШСВМ" в РУ-6 кВ РП-29 | B12: чел/ч | C12: 44878 | D12: 44878 | E12: 24.6
A13: СР ВМ яч.129 "ШСВМ" в ЗРУ-6 кВ ГПП-21 | B13: чел/ч | C13: 44885 | D13: 44885 | E13: 24.6
A14: ТР ВМ яч.31 "Вв-1 на ТП-51, 55" в ЗРУ-10 кВ ГПП-21 | B14: чел/ч | C14: 44891 | D14: 44891 | E14: 24.6
A16: 4. Ремонт силовых трансформаторов
A17: ТР тран-ра Т-1 в трансформаторной камере ЦРП-1 | B17: чел/ч | C17: 44881 | D17: 44881 | E17: 24.6

Sheet 3)
G1: На главную
A2: Сведения о наличии мощности, свободной для технологического присоединения к электрическим сетям
A3: АО "Омскшина" за | F3: ='1)'!E2 -> ноябрь | G3: =+'[1]2)'!D3 -> 2022 г.
A5: 1. Объекты 110-35кВ
A6: № п/п | B6: Наименование ПС 35-110 кВ | C6: Уровни напряжения ПС 35-110 кВ | D6: Установленная мощность существующих трансформаторов (МВА) | F6: Текущий резерв мощности для присоединения потребителей (по результатам максимальных контрольных замеров), МВА | H6: Планируемый резерв мощности на конец года с учетом присоединенных потребителей, заключенных договоров на технологическое присоединение, поданных заявок на технологическое присоединение и реализации планов капитальных вложений (инвестиционных программ), МВА
D7: 1T | E7: 2T | F7: с учетом присоединенных потребителей | G7: с учетом выданных технических условий
A8: 1 | B8: "Черемуховская" (ГПП-15) | C8: 110/6 | D8: 10 | E8: 10 | F8: 10.3 | G8: 10.3 | H8: 10.3
A9: 2 | B9: Шинная-1 (ГПП-6) | C9: 110/10 | D9: 31.5 | E9: 40 | F9: 48.1 | G9: 48.1 | H9: 48.1
A10: 3 | B10: Шинная-2 (ГПП-21) | C10: 110/10/6 | D10: 80 | E10: 63 | F10: 109.5 | G10: 109.5 | H10: 109.5

Sheet 4)
K1: На главную
A2: Порядок выполнения мероприятий, связанных с технологическим присоединением к электрическим сетям
A4: Процедура технологического присоединения регламентируется следующими нормативными правовыми актами:
A5: 1. Федеральный закон от 26.03.2003 г. № 35-ФЗ "Об электроэнергетике"
A6: 2. Постановление Правительства РФ от 27 декабря 2004 г. N 861 "Об утверждении Правил недискриминационного доступа к услугам по передаче электрической энергии и оказания этих услуг, Правил недискриминационного доступа к услугам по оперативно-диспетчерскому управлению в электроэнергетике и оказания этих услуг, Правил недискриминационного доступа к услугам администратора торговой системы оптового рынка и оказания этих услуг и Правил технологического присоединения энергопринимающих устройств потребителей электрической энергии, объектов по производству электрической энергии, а также объектов электросетевого хозяйства, принадлежащих сетевым организациям и иным лицам, к электрическим сетям"
A7: 3. Постановление Правительства РФ от 29 декабря 2011 г. N 1178 "О ценообразовании в области регулируемых цен (тарифов) в электроэнергетике"
A8: 4. Приказ от 11.09.2012 г. № 209-э/1 "Об утверждении методических указаний по определению размера платы за технологическое присоединение к электрическим сетям"
A10: Мероприятия по технологическому присоединению выполняются в следующем порядке:
A11: 1. Подготовка, выдача сетевой организацией технических условий и их согласование с системным оператором (субъектом оперативно-диспетчерского управления в технологически изолированных территориальных электроэнергетических системах), а в случае выдачи технических условий электростанцией - согласование их с системным оператором (субъектом оперативно-диспетчерского управления в технологически изолированных территориальных электроэнергетических системах) и со смежными сетевыми организациями.
A12: Системный оператор согласовывает технические условия на технологическое присоединение в отношении генераторов, установленная мощность которых превышает 5 МВт, и энергопринимающих устройств, максимальная мощность которых составляет не менее 670 кВт. Срок действия технических условий не может быть менее 2 лет и более 5 лет.
A13: 2. Разработка сетевой организацией проектной документации согласно обязательствам, предусмотренным техническими условиями.
A14: 3. Разработка заявителем проектной документации в границах его земельного участка согласно обязательствам, предусмотренным техническими условиями, за исключением случаев, когда в соответствии с законодательством Российской Федерации о градостроительной деятельности разработка проектной документации не является обязательной.
A15: 4. Выполнение технических условий заявителем и сетевой организацией, включая осуществление сетевой организацией мероприятий по подключению энергопринимающих устройств под действие аппаратуры противоаварийной и режимной автоматики в соответствии с техническими условиями.
... A19: 8. По окончанию осуществления мероприятий по технологическому присоединению стороны составляют акт о технологическом присоединении, акт разграничения балансовой принадлежности, акт разграничения эксплуатационной ответственности сторон и акт согласования технологической и (или) аварийной брони (для заявителей, указанных в пункте 14(2) Правил технологического присоединения).
A21: Формы документов, доступные для скачивания, размещены на официальном сайте организации во вкладке Партнерам\Раскрытие информации\Услуги по электроснабжению | L21: http://www.omsktyre.ru/
A23: Приказы РЭК Омской области, устанавливающие плату за услуги в сфере электроснабжения, размещены на официальном сайте организации во вкладке Партнерам\Раскрытие информации\Услуги по электроснабжению | L23: http://www.omsktyre.ru/

Sheet 5)
D1: На главную
A2: Сведения о количестве поданных заявок на технологическое присоединение
A3: к электрическим сетям АО "Омскшина" за | D3: =+'[1]3)'!F3 -> ноябрь | E3: =+'[1]3)'!G3 -> 2022 г.
A5: № п/п | B5: Наименование ПС 35-110 кВ | C5: Кол-во | D5: Примечание
A7: 1 | B7: Подано заявок, в т.ч.: | C7: =+C8+C9+C10 -> 0
A8: 1.1. | B8: - на технологическое присоединение | C8: 0
A9: 1.2. | B9: - на увеличение присоединенной максимальной мощности абонента | C9: 0
A10: 1.3. | B10: - на перераспределение максимальной мощности принадлежащих энергопринимающих устройств в пользу иных лиц | C10: 0
A11: 2 | B11: Аннулировано заявок, в т.ч.: | C11: =+C12+C13+C14 -> 0
A12: 2.1. | B12: - на технологическое присоединение | C12: 0
A13: 2.2. | B13: - на увеличение присоединенной максимальной мощности абонента | C13: 0
A14: 2.3. | B14: - на перераспределение максимальной мощности принадлежащих энергопринимающих устройств в пользу иных лиц | C14: 0
A15: 3 | B15: Заключено договоров, в т.ч.: | C15: =+C16+C17+C18 -> 0
A16: 3.1. | B16: - на технологическое присоединение | C16: 0
A17: 3.2. | B17: - на увеличение присоединенной максимальной мощности абонента | C17: 0
A18: 3.3. | B18: - на перераспределение максимальной мощности принадлежащих энергопринимающих устройств в пользу иных лиц | C18: 0
A19: 4 | B19: Исполнено заявок на технологическое присоединение | C19: =+C20+C21+C22 -> 0
A20: 4.1. | B20: - на технологическое присоединение | C20: 0
A21: 4.2. | B21: - на увеличение присоединенной максимальной мощности абонента | C21: 0
A22: 4.3. | B22: - на перераспределение максимальной мощности принадлежащих энергопринимающих устройств в пользу иных лиц | C22: 0
A23: 5 | B23: Отказано в технологическом присоединении* | C23: =+C24+C25+C26 -> 0
A24: 5.1. | B24: - на технологическое присоединение | C24: 0
A25: 5.2. | B25: - на увеличение присоединенной максимальной мощности абонента | C25: 0
A26: 5.3. | B26: - на перераспределение максимальной мощности принадлежащих энергопринимающих устройств в пользу иных лиц | C26: 0
A27: * - в случае отказа в подключении, приводятся причины, послужившие основанием для принятия отрицательного решения.

Sheet 6)
E1: На главную
A2: Сведения об объеме и стоимости электрической энергии (мощности), приобретенной в целях компенсации потерь электрической энергии
A3: за | B3: =+'5)'!D3 -> ноябрь | C3: =+'5)'!$E$3 -> 2022 г. | D3: _ | J3: _
A5: Контрагент, договор | B5: Количество* | C5: Цена (тариф) | D5: Стоимость без НДС, руб. | E5: НДС, руб. | F5: Стоимость с НДС, руб.
A6: Номенклатура, Базовая единица измерения
A7: Период
A8: Центрэнерго ООО, договор от 01.01.2012 № 01ЭС-12
A9: Электроэнергия_технологические потери, кВт.ч
A10: =CONCATENATE(B3,D3,C3) -> ноябрь_2022 г. | B10: 248465 | C10: =D10/B10 -> 2.55672 | D10: 635255.43 | E10: 127051.09 | F10: =D10+E10 -> 762306.52
A12: * - АО "Омскшина" приобретает электроэнергию для компенсации потерь в сетях на оптовом рынке электроэнергии (мощности).

Sheet 7)
A1: Информация о лицах, намеревающихся перераспределить максимальную мощность принадлежащих им энергопринимающих устройств в пользу иных лиц | K1: На главную
D2: _ | E2: за | F2: =+'Информация для раскрытия'!$B$3 -> ноябрь | G2: =+'5)'!$E$3 -> 2022 г.
A4: За отчетный период лиц, намеревающихся перераспределить максимальную мощность принадлежащих им энергопринимающих устройств в пользу иных лиц нет.

Sheet 8
A1: Информация о выделенных оператором подвижной радиотелефонной связи абонентских номерах и (или) об адресах электронной почты, предназначенных для направления потребителю электрической энергии (мощности), потребителю услуг по передаче электрической энергии уведомления о введении полного и (или) частичного ограничения режима потребления электрической энергии | K1: На главную
A4: Телефон: | B4: 8-903-925-45-01
A6: E-mail: | B6: solovev_sv@cordiant-oshz.ru
